 Dungeon Crawl Stone Soup version 0.21-a0-434-g806c6c2 (webtiles) character file.

1 wvc the Firebug (level 1, -4/17 HPs)
             Began as a Barachi Wanderer on Nov 8, 2017.
             Slain by a gnoll
             ... wielding a +0 spear
              (7 damage)
             ... on level 1 of the Dungeon.
             The game lasted 00:00:48 (155 turns).

wvc the Firebug (Barachi Wanderer)                   Turns: 155, Time: 00:00:49

Health: -4/17      AC:  4    Str: 12    XL:     1   Next: 20%
Magic:  3/3        EV:  8    Int: 12    God:
Gold:   10         SH:  7    Dex: 12    Spells: 4/4 levels left

rFire    + . .     SeeInvis .   c - +0 spear
rCold    . . .     Gourm    .   a - +0 shield
rNeg     . . .     Faith    .   d - +0 robe
rPois    +         Spirit   .   (no helmet)
rElec    .         Reflect  .   (no cloak)
rCorr    .         Harm     .   (no gloves)
MR       .....                  (no boots)
Stlth    ++........             (no amulet)
HPRegen  0.05/turn              e - ring of protection from fire
MPRegen  0.08/turn              (no ring)

@: slow
A: +LOS, swims, claws 1, molten scales 1, sense surroundings 1, poison
resistance, slowness 1, strong legs 1
a: Hop


You were on level 1 of the Dungeon.
You were not hungry.

You visited 1 branch of the dungeon, and saw 1 of its levels.

You collected 10 gold pieces.

Inventory:

Hand Weapons
 c - a +0 spear (weapon)
Armour
 a - a +0 shield (worn)
 d - a +0 robe (worn)
Jewellery
 e - a ring of protection from fire (left claw)
Books
 b - Sif Muna's Tome of Moulding

   Spells                             Type                      Level
   a - Sticks to Snakes               Transmutation                2
   b - Passwall                       Transmutation/Earth          2
Comestibles
 f - a bread ration


   Skills:
 + Level 2.6 Fighting
 - Level 1.0 Throwing
 - Level 1.0 Stealth
 - Level 1.1 Shields
 - Level 2.1 Spellcasting
   Level 3.2 Fire Magic


You had 4 spell levels left.
You didn't know any spells.

Dungeon Overview and Level Annotations

Branches:
Dungeon (1/15)

Altars:


Innate Abilities, Weirdness & Mutations

Shadows flee at your approach. (+LOS)
You can swim through water.
You cover ground slowly.
You can hop short distances.
You have sharp fingernails.
You are partially covered in molten scales. (AC +2)
You passively map a small area around you.
Your system is resistant to poisons. (rPois)


Message History

You feel resistant to poisons.
Your fingernails lengthen.
The gnoll barely misses you. You block the gnoll's attack.
The gnoll hits you but does no damage.
You closely miss the gnoll.
The gnoll is lightly wounded.
The gnoll hits you with a spear.
You hit the gnoll.
The gnoll is moderately wounded.
The gnoll hits you with a spear.
You hit the gnoll but do no damage.
The gnoll is moderately wounded.
The gnoll hits you but does no damage.
You hit the gnoll.
The gnoll is severely wounded.
The gnoll hits you with a spear.
* * * LOW HITPOINT WARNING * * *
You hit the gnoll.
The gnoll is severely wounded.
The gnoll hits you with a spear!
You die...

, * , *,* ### * *
##.. * * , #..< * ,
*, ######... ,,, *
### , ###...###.. ,
*,#.. ,##.......##'
#.#######.........#.
,
,#..@g...#.........'.
#.#####.#.........#.
#...# .##.......##' ,
#.#.# #.####...####.
#.#.# #.# #####....
,#.#.# #.# #.......
#.#.# #.####........
* #.#.#
#.#.#......... * *
#.#.# #.#.#........⌠


You could see a gnoll.

Vanquished Creatures
  A frilled lizard (D:1)
  A rat (D:1)
2 creatures vanquished.

Notes
Turn   | Place    | Note
-------+----------+-------------------------------------------
     0 | D:1      | wvc the Barachi Wanderer began the quest for the Orb.
     0 | D:1      | wvc set off with: a +0 shield, Sif Muna's Tome of Moulding, a +0 spear, a +0 robe, a bread ration
     0 | D:1      | Reached XP level 1. HP: 17/17 MP: 3/3
     0 | D:1      | Identified Sif Muna's Tome of Moulding
   149 | D:1      | Gained mutation: You passively map a small area around you. [potion of mutation]
   149 | D:1      | Gained mutation: You are partially covered in molten scales. (AC +2) [potion of mutation]
   149 | D:1      | Gained mutation: Your system is resistant to poisons. (rPois) [potion of mutation]
   149 | D:1      | Gained mutation: You have sharp fingernails. [potion of mutation]
   155 | D:1      | Slain by a gnoll

Vault maps used:
D:1:      dpeg_arrival_three_bigger_balls

Action                   || total
-------------------------++-------
Melee: Spear             ||    14
  Use: Potion            ||     1
 Stab: Sleeping          ||     2
Armor: Robe              ||     3
Dodge: Dodged            ||     1
Block: Shield            ||     3

Table legend:
 A = Spawn XP
 B = Non-spawn XP
 C = Spawn XP percentage of total XP
 D = Spawn monster count
 E = Non-spawn monster count
 F = Spawn count percentage of total count
 G = Total turns spent on level
                    A         B        C        D         E        F      G
               +---------+---------+-------+---------+---------+-------+---------
         Total |       0 |       2 |   0.0 |       0 |       2 |   0.0 |   155
               +---------+---------+-------+---------+---------+-------+---------
           D:1 |       0 |       2 |   0.0 |       0 |       2 |   0.0 |   155
               +---------+---------+-------+---------+---------+-------+---------
